 Dungeon Crawl Stone Soup version 0.28-a0-691-gad6df49e81 (webtiles) character file.

Game seed: 14225475113941906995

163 EiAlmux the Conjurer (level 5, -5/41 HPs)
             Began as a Draconian Conjurer on Oct 21, 2021.
             Slain by a gnoll (12 damage)
             ... on level 3 of the Dungeon.
             The game lasted 00:05:34 (3020 turns).

EiAlmux the Conjurer (Draconian Conjurer)           Turns: 3020, Time: 00:05:35

Health: -5/41      AC:  8    Str:  9    XL:     5   Next: 20%
Magic:  0/9        EV: 12    Int: 19    God:
Gold:   36         SH:  0    Dex: 10    Spells: 6/9 levels left

rFire   . . .      SeeInvis .   f - +0 short sword
rCold   . . .      Faith    .   (no shield)
rNeg    . . .      Spirit   .   (armour unavailable)
rPois   .          Reflect  .   (helmet restricted)
rElec   .          Harm     .   (no cloak)
rCorr   .          Rampage  .   e - +2 pair of gloves
Will    .....                   (no boots)
Stlth   ++........              (no amulet)
HPRegen 0.13/turn               (no ring)
MPRegen 0.11/turn               (no ring)

@: no status effects
A: AC +5, unfitting armour, cold-blooded
a: no special abilities


You were on level 3 of the Dungeon.
You visited 1 branch of the dungeon, and saw 3 of its levels.

You collected 36 gold pieces.

Inventory:

Hand Weapons
 f - a +0 short sword (weapon)
Armour
 a - a +0 buckler
 e - a +2 pair of gloves (worn)
Wands
 i - a wand of iceblast (6)
Scrolls
 b - 2 scrolls of teleportation
 d - a scroll of identify
Potions
 c - 2 potions of curing
 g - a potion of haste
 h - a potion of lignification


   Skills:
 - Level 2.0 Fighting
 - Level 1.7 Dodging
 + Level 2.8 Stealth
 + Level 1.9 Shields
 + Level 2.8 Spellcasting
 + Level 4.5 Conjurations
 + Level 0.3 Translocations
 + Level 0.2 Ice Magic


You had 6 spell levels left.
You knew the following spells:

 Your Spells              Type           Power      Damage    Failure   Level
a - Magic Dart            Conj           80%        1d7       2%          1
b - Searing Ray           Conj           40%        2d5       3%          2

Your spell library contained the following spells:

 Spells                   Type           Power      Damage    Failure   Level
 Freeze                   Ice            12%        1d4       14%         1
 Dazzling Flash           Conj/Hex       22%        N/A       19%         3
 Frozen Ramparts          Ice            6%         1d2       38%         3
 Hailstorm                Conj/Ice       11%        3d5       50%         4
 Iskenderun's Mystic Bla  Conj/Tloc      12%        2d5       50%         4
 Fulminant Prism          Conj/Hex       5%         3d7       52%         4


Dungeon Overview and Level Annotations

Branches:
Dungeon (3/15)

Altars:


Innate Abilities, Weirdness & Mutations

Your plain brown scales are hard. (AC +5)
You cannot fit into any form of body armour.
You are cold-blooded and may be slowed by cold attacks.


Message History

The gnoll closely misses you. x2; The gnoll hits you with a +0 halberd.
Casting: Searing Ray (safe; 3% risk of failure)
Confirm with . or Enter, or press ? or * to list all spells.
Aiming: Searing Ray (safe; 3% risk of failure)
Press: ? - help, Shift-Dir - straight line, f - gnoll
Aim: a gnoll, wielding a +0 spear (severely wounded, 81% to hit)
The searing ray misses the gnoll. (Press . to maintain the ray.)
The gnoll closely misses you. The gnoll hits you with a +0 halberd.
* * * LOW HITPOINT WARNING * * *
The searing ray hits the gnoll.
The gnoll is almost dead.
The gnoll hits you with a +0 spear.
* * * LOW HITPOINT WARNING * * *
The gnoll closely misses you.
Without enough magic to sustain it, your searing ray dissipates.
The gnoll completely misses you. The gnoll barely misses you.
The gnoll barely misses you. x2
Casting: Searing Ray (safe; 3% risk of failure)
Confirm with . or Enter, or press ? or * to list all spells.
Aiming: Searing Ray (safe; 3% risk of failure)
Press: ? - help, Shift-Dir - straight line, f/p - gnoll
Aim: a gnoll, wielding a +0 spear (almost dead, 81% to hit)
The searing ray hits the gnoll.
The gnoll is almost dead.
The searing ray hits the gnoll!
You kill the gnoll! (Press . to maintain the ray.)
The gnoll misses you.
Without enough magic to sustain it, your searing ray dissipates.
The gnoll closely misses you.
Casting: Searing Ray (safe; 3% risk of failure)
Confirm with . or Enter, or press ? or * to list all spells.
Aiming: Magic Dart (safe; 2% risk of failure)
Press: ? - help, Shift-Dir - straight line, f - gnoll
Aim: a gnoll, wielding a +0 halberd (almost dead, 100% to hit)
The magic dart hits the gnoll but does no damage.
The gnoll is almost dead.
The gnoll hits you from afar with a +0 halberd!
You die...

........#.##.#.#.#
........#.#....#.#
#######.#.#[.#.# #
#.....#.#..#.#
#.#####g#..... #.#
#.##.#.## #.#
#.##.#.# #.#####)#
#.# #.@.g...# #.#
#########


You could see a gnoll.

Vanquished Creatures
  6 gnolls
  3 adders
  8 dart slugs
  2 worms (D:2)
  An orc (D:3)
  6 bats
  5 endoplasms
  4 giant cockroaches
  4 goblins
  A hobgoblin (D:1)
  2 quokkas
  5 ball pythons
  5 frilled lizards
  A kobold (D:1)
  9 rats
62 creatures vanquished.

Vanquished Creatures (others)
  An orc (D:3)
1 creature vanquished.

Grand Total: 63 creatures vanquished

Notes
Turn   | Place    | Note
-------+----------+-------------------------------------------
     0 | D:1      | EiAlmux the Draconian Conjurer began the quest for the Orb.
     0 | D:1      | Reached XP level 1. HP: 14/14 MP: 3/3
   103 | D:1      | Reached skill level 1 in Fighting
   103 | D:1      | Reached XP level 2. HP: 23/23 MP: 0/5
   161 | D:1      | Learned a level 2 spell: Searing Ray
   831 | D:1      | Reached XP level 3. HP: 28/28 MP: 4/6
  1267 | D:2      | Reached skill level 1 in Shields
  1573 | D:2      | Reached XP level 4. HP: 36/36 MP: 1/7
  2035 | D:2      | Found a faded altar of an unknown god.
  2835 | D:3      | Reached XP level 5. HP: 35/41 MP: 1/9
  3020 | D:3      | Slain by a gnoll

Illustrated notes

Levels and vault maps discovered:
D:1:      onia_arrival_handbag, layout_loops_cross
D:2:      layout_loops_ring, shapermc_ecumenical_altar_mp_highgroup
D:3:      kennysheep_slugbush, layout_basic

Skill      XL: |  1  2  3 |
---------------+----------+-----
Fighting       | 1 2 |  2.0
Stealth        | 2 |  2.8
Shields        | 1 |  1.9
Dodging        | |  1.7
Spellcasting   | |  2.8
Conjurations   | |  4.5
Translocations | |  0.3
Ice Magic      | |  0.2

Action                   |  1- 3 |  4- 6 || total
-------------------------+-------+-------++-------
Melee: Unarmed           |     6 |       ||     6
       Tailslap          |     3 |     3 ||     6
       Short sword       |     8 |    19 ||    27
 Cast: Magic Dart        |    74 |    81 ||   155
       Searing Ray       |     1 |     3 ||     4
  Use: Scroll            |       |     5 ||     5
Armor: Skin              |     3 |    13 ||    16
Dodge: Dodged            |     7 |    45 ||    52

Table legend: (Time is in decaauts)
 A = Elapsed time spent in this place.
 B = Non-inter-level travel time spent in this place.
 C = Inter-level travel time spent in this place.
 D = Time resting spent in this place.
 E = Time spent auto-exploring this place.
 F = Levels seen in this place.
 G = Mean time per level.
                   A        B        C        D        E       F      G
               +--------+--------+--------+--------+--------+-----+--------+
         Total |   3029 |   3013 |     16 |    540 |   2052 |   3 | 1009.7 |
       Dungeon |   3029 |   3013 |     16 |    540 |   2052 |   3 | 1009.7 |
               +--------+--------+--------+--------+--------+-----+--------+

Top non-repeatable levels by time:
     D:2: 1335 daAuts
     D:1: 1209 daAuts
     D:3: 484 daAuts
